AoeStats
← carlos__federico

Arena

505940101Analyzed
4v4 RM · 22d ago on Sep 11, 2026· 26m 6s· 8 players
Game mode
Random Map
Map size
Large (8 player)
Population
200
Speed
Normal
Resources
Standard
Victory
Conquest
Starting age
Dark Age
Ending age
Imperial Age
RankedLock teamsTeams togetherTeam positionsShared explorationLock speedFull tech treeHidden civsTurbo modeCheats
Victory
Defeat
🇩🇪 Cumans · Germany
1290
+13
🇺🇸 Teutons · United States
1269
+14
🇮🇳 Burgundians · India
1260
+14
🇺🇸 Romans · United States
1234
+15
🇺🇾 Slavs · Uruguay
1289
-16
🇦🇷 Huns · Argentina
1231
-14
🇺🇾 Italians · Uruguay
1189
-13
🇦🇷 Celts · Argentina
1188
-13
Fencer_Khan
11:05 Feudal Age
15:33 Loom
22:59 Castle Age
EBERE
5:10 Loom
10:36 Feudal Age
15:01 Castle Age
Dale Lui
10:52 Feudal Age
16:00 Castle Age
15:46 Loom
16:18 Double-Bit Axe
16:26 Gold Mining
20:06 Fletching
carlos__federico
11:34 Feudal Age
15:27 Castle Age
13:58 Horse Collar
14:57 Bloodlines
17:38 Forging
24:45 Scale Barding Armor
Der Genosse
5:21 Loom
10:00 Feudal Age
11:47 Fletching
Valhalla9
10:33 Feudal Age
11:00 Double-Bit Axe
10:56 Horse Collar
12:59 Loom
17:31 Castle Age
15:34 Scale Mail Armor
16:08 Man-at-Arms
17:07 Forging
17:47 Gold Mining
17:52 Long Swordsman
24:31 Squires
25:11 Iron Casting
26:43 Wheelbarrow
26:36 Chain Mail Armor
CedarBongo4397
6:50 Loom
9:21 Feudal Age
10:55 Double-Bit Axe
10:53 Horse Collar
21:00 Castle Age
19:51 Fletching
20:44 Stone Mining
21:01 Gold Mining
22:13 Bodkin Arrow
23:34 Guard Tower
26:00 Bow Saw
Hyderabad (Ind)
3:36 Double-Bit Axe
11:41 Feudal Age
10:10 Horse Collar
10:50 Gold Mining
12:50 Wheelbarrow
12:42 Bow Saw
18:29 Castle Age
17:38 Heavy Plow
18:17 Gold Shaft Mining
18:33 Cavalier
19:13 Husbandry
19:26 Forging
19:33 Scale Barding Armor
22:52 Iron Casting
24:06 Chain Barding Armor
26:19 Loom
26:24 Town Watch
Connection lost

Rejoining the realm…

Still unreachable

The connection could not be restored.

Session expired

The server has moved on; the page needs a fresh start.